 Dungeon Crawl Stone Soup version 0.26-a0-800-g517d6fe721 (webtiles) character file.

Game seed: 10551779926526038581

763 robertstho the Magician (level 7, -4/37 HPs)
             Began as a Deep Elf Ice Elementalist on Nov 11, 2020.
             Slain by a gnoll
             ... wielding a +0 spear
              (8 damage)
             ... on level 4 of the Dungeon.
             The game lasted 00:04:35 (2868 turns).

robertstho the Magician (Deep Elf Ice Elementalist) Turns: 2868, Time: 00:04:36

Health: -4/37      AC:  3    Str:  5    XL:     7   Next: 51%
Magic:  19/19      EV: 14    Int: 22    God:
Gold:   203        SH:  0    Dex: 15    Spells: 5/20 levels left

rFire    . . .     SeeInvis .   p - +0 whip (elec)
rCold    . . .     Faith    .   (no shield)
rNeg     . . .     Spirit   .   a - +0 robe
rPois    .         Reflect  .   (no helmet)
rElec    .         Harm     .   e - +0 cloak (curse)
rCorr    .         Rampage  .   (no gloves)
MR       .....                  (no boots)
Stlth    +++.......             (no amulet)
HPRegen  0.12/turn              (no ring)
MPRegen  0.16/turn              (no ring)

@: no status effects
A: no striking features
a: no special abilities


You were on level 4 of the Dungeon.
You visited 1 branch of the dungeon, and saw 4 of its levels.

You collected 203 gold pieces.

Inventory:

Hand Weapons
 f - a +0 short sword
 p - a +0 whip of electrocution (weapon)
Armour
 a - a +0 robe (worn)
 e - a cursed +0 cloak (worn)
Scrolls
 i - 5 scrolls of amnesia
 k - a scroll of enchant armour {unknown}
 l - a scroll of fog {unknown}
Potions
 b - 2 potions of degeneration {unknown}
 c - 2 potions of curing
 d - 2 potions of berserk rage {unknown}
 g - 2 potions of ambrosia {unknown}
 h - a potion of magic {unknown}
 j - a potion of flight
 m - a potion of lignification {unknown}
 o - a potion of resistance {unknown}


   Skills:
 + Level 0.7 Fighting
 + Level 1.5 Short Blades
 + Level 3.9 Dodging
 + Level 4.0 Stealth
 + Level 7.2 Spellcasting
 + Level 7.1 Ice Magic


You had 5 spell levels left.
You knew the following spells:

 Your Spells              Type           Power        Failure   Level
a - Freeze                Ice            ####         1%          1
b - Frozen Ramparts       Ice            #####.       1%          3
c - Ozocubu's Armour      Ice            #####...     1%          3
d - Hailstorm             Conj/Ice       ###.....     19%         4
e - Summon Ice Beast      Ice/Summ       ###.....     19%         4

Your spell library contained the following spells:

 Spells                   Type           Power        Failure   Level


Dungeon Overview and Level Annotations

Branches:
Dungeon (4/15)
 Temple: D:4-7

Altars:
Fedhas
Ru


Message History

The stone barely misses you. The orc barely misses you.
You hit the orc.
The orc is heavily wounded.
The orc barely misses you.
You barely miss the orc.
The orc is heavily wounded.
The orc misses you.
The gnoll throws a stone.
The stone closely misses you.
You hit the orc.
You kill the orc!
A gnoll comes into view. It is wielding a +0 halberd.
The gnoll hits you but does no damage. x2
You barely miss the gnoll. The gnoll hits you with a +0 spear.
The gnoll hits you from afar with a +0 spear.
You barely miss the gnoll. The gnoll closely misses you.
You closely miss the gnoll. The gnoll closely misses you.
The gnoll hits you from afar with a +0 halberd!
The gnoll hits you from afar with a +0 spear!
* * * LOW HITPOINT WARNING * * *
The gnoll hits you with a +0 spear!
You die...

#....#..#.## #..........
....##.##..#
............
...##..###.########
#.#######....
##................. #.#
### .#..
##.##.####..#######...##
## .#.. ##.##.# ##.#
#..... _+ #..#
#.######g...# #..#
#..##.g.g.# ..#
##.##.@#.##.
#..(†........
...$..((..#..#...#
.....#....##.# ##
######....# ... #.^.##
###. #...# # #...# #####


You could see 3 gnolls.

Vanquished Creatures
  Pikel (D:4)
  2 lemures (D:4)
  2 orc priests (D:3)
  An orc wizard (D:3)
  Jessica (D:2)
  Terence (D:2)
  A worker ant (D:4)
  6 adders
  2 oozes (D:1)
  3 adder skeletons (D:4)
  2 worms (D:2)
  A dart slug (D:2)
  3 leopard geckos
  7 orcs
  3 ball pythons
  2 bats
  2 giant cockroaches (D:3)
  6 goblins
  7 hobgoblins
  2 kobolds (D:1)
  4 quokkas
  2 frilled lizards
  6 rats
67 creatures vanquished.

Notes
Turn   | Place    | Note
-------+----------+-------------------------------------------
     0 | D:1      | robertstho the Deep Elf Ice Elementalist began the quest
                  | for the Orb.
     0 | D:1      | Reached XP level 1. HP: 10/10 MP: 6/6
   110 | D:1      | Reached XP level 2. HP: 12/15 MP: 0/8
   158 | D:1      | Reached skill level 5 in Ice Magic
   300 | D:1      | You fall into a shaft and drop 1 floor!
   381 | D:2      | Reached XP level 3. HP: 19/19 MP: 6/9
   457 | D:2      | Noticed Jessica
   491 | D:2      | Killed Jessica
   491 | D:2      | Reached XP level 4. HP: 5/24 MP: 5/11
   616 | D:2      | Learned a level 3 spell: Frozen Ramparts
   620 | D:2      | Learned a level 3 spell: Ozocubu's Armour
   680 | D:2      | Noticed Terence
   691 | D:2      | Killed Terence
  1203 | D:3      | Reached XP level 5. HP: 28/28 MP: 9/13
  1279 | D:3      | Found a blossoming altar of Fedhas.
  1716 | D:3      | Reached skill level 5 in Spellcasting
  2093 | D:3      | Learned a level 4 spell: Hailstorm
  2491 | D:4      | Reached XP level 6. HP: 32/32 MP: 12/16
  2538 | D:4      | Learned a level 4 spell: Summon Ice Beast
  2595 | D:4      | Reached skill level 1 in Short Blades
  2638 | D:4      | Noticed Pikel
  2653 | D:4      | Killed Pikel
  2653 | D:4      | Reached XP level 7. HP: 32/37 MP: 9/19
  2776 | D:4      | Found a sacrificial altar of Ru.
  2868 | D:4      | Slain by a gnoll

Illustrated notes

Levels and vault maps discovered:
D:1:      lemuel_arrival_rhombus, layout_loops_ring, minmay_tromino_i2
D:2:      layout_rooms, uniq_terence, uniq_jessica
D:3:      layout_basic, lemuel_crystal_altar
D:4:      layout_rooms, lemuel_doored_altar, grunt_temple_overflow_open,
          uniq_pikel, uniq_ijyb

Skill      XL: |  1  2  3  4  5  6 |
---------------+-------------------+-----
Ice Magic      | 5 6 7 |  7.1
Dodging        | 3 |  3.9
Spellcasting   | 4 5 7 |  7.2
Stealth        | 3 4 |  4.0
Short Blades   | 1 |  1.5
Fighting       | |  0.7

Action                   |  1- 3 |  4- 6 |  7- 9 || total
-------------------------+-------+-------+-------++-------
Melee: Short sword       |    16 |    35 |       ||    51
       Unarmed           |     2 |       |       ||     2
       Whip              |       |       |    24 ||    24
 Cast: Freeze            |    32 |    14 |     1 ||    47
       Frozen Ramparts   |       |    19 |       ||    19
  Use: Scroll            |       |     3 |     1 ||     4
 Stab: Sleeping          |     1 |     3 |       ||     4
Armor: Robe              |    10 |     9 |     2 ||    21
Dodge: Dodged            |    34 |    31 |    20 ||    85

Table legend: (Time is in decaauts)
 A = Elapsed time spent in this place.
 B = Non-inter-level travel time spent in this place.
 C = Inter-level travel time spent in this place.
 D = Time resting spent in this place.
 E = Time spent auto-exploring this place.
 F = Levels seen in this place.
 G = Mean time per level.
                   A        B        C        D        E       F      G
               +--------+--------+--------+--------+--------+-----+--------+
         Total |   2872 |   2812 |     60 |    141 |   2190 |   4 |  718.0 |
       Dungeon |   2872 |   2812 |     60 |    141 |   2190 |   4 |  718.0 |
               +--------+--------+--------+--------+--------+-----+--------+

Top non-repeatable levels by time:
     D:3: 1239 daAuts
     D:2: 901 daAuts
     D:4: 431 daAuts
     D:1: 300 daAuts
